 Dungeon Crawl Stone Soup version 0.28-a0-500-g121bc3e445 (webtiles) character file.

Game seed: 17550478647179795679

19 Spaninq the Firebug (level 2, -1/19 HPs)
             Began as a Demonspawn Fire Elementalist on Sept 19, 2021.
             Slain by a quokka (2 damage)
             ... on level 1 of the Dungeon.
             The game lasted 00:03:15 (558 turns).

Spaninq the Firebug (Demonspawn Fire Elementalist)   Turns: 558, Time: 00:03:16

Health: -1/19      AC:  2    Str:  8    XL:     2   Next: 55%
Magic:  0/5        EV: 12    Int: 16    God:
Gold:   15         SH:  0    Dex: 13    Spells: 2/5 levels left

rFire   . . .      SeeInvis .   b - +0 dagger
rCold   . . .      Faith    .   (no shield)
rNeg    . . .      Spirit   .   a - +0 robe
rPois   .          Reflect  .   (helmet restricted)
rElec   .          Harm     .   (no cloak)
rCorr   .          Rampage  .   (no gloves)
Will    .....                   (no boots)
Stlth   ++........              (no amulet)
HPRegen 0.06/turn               (no ring)
MPRegen 0.09/turn               (no ring)

@: no status effects
A: antennae 1
a: no special abilities


You were on level 1 of the Dungeon.
You visited 1 branch of the dungeon, and saw 1 of its levels.

You collected 15 gold pieces.

Inventory:

Hand Weapons
 b - a +0 dagger (weapon)
Armour
 a - a +0 robe (worn)


   Skills:
 - Level 1.7 Dodging
 - Level 1.7 Stealth
 * Level 2.3 Spellcasting
 + Level 1.6 Conjurations
 * Level 3.1 Fire Magic


You had 2 spell levels left.
You knew the following spells:

 Your Spells              Type           Power      Damage    Failure   Level
a - Foxfire               Conj/Fire      36%        2x1d5     8%          1
b - Scorch                Fire           22%        2d6       9%          2

Your spell library contained the following spells:

 Spells                   Type           Power      Damage    Failure   Level
 Conjure Flame            Conj/Fire      9%         6-21      22%         3
 Inner Flame              Hex/Fire       6%         N/A       32%         3
 Flame Wave               Conj/Fire      9%         3d4       58%         4


Dungeon Overview and Level Annotations

Branches:
Dungeon (1/15)

Altars:


Innate Abilities, Weirdness & Mutations

You have a pair of small antennae on your head.


Message History

The bat hits you.
* * * LOW HITPOINT WARNING * * *
The bat closely misses you. The bat hits you.
* * * LOW HITPOINT WARNING * * *
The bat closely misses you. The bat hits you.
* * * LOW HITPOINT WARNING * * *
The bat hits you but does no damage. The bat barely misses you.
The bat hits you but does no damage. The bat closely misses you.
Casting: Scorch (safe; 9% risk of failure)
Confirm with . or Enter, or press ? or * to list all spells.
You conjure some foxfire!
The bat closely misses you. The bat hits you.
* * * LOW HITPOINT WARNING * * *
The foxfire hits the bat.
The bat is severely wounded.
The foxfire hits the bat but does no damage.
The bat is severely wounded.
The bat hits you but does no damage.
Casting: Foxfire (safe; 8% risk of failure)
Confirm with . or Enter, or press ? or * to list all spells.
You conjure some foxfire!
The bat hits you but does no damage.
The foxfire hits the bat.
You kill the bat!
Casting: Foxfire (safe; 8% risk of failure)
Confirm with . or Enter, or press ? or * to list all spells.
Flames lash the quokka but do no damage.
The quokka bites you but does no damage.
The quokka closely misses you. The quokka barely misses you.
The quokka closely misses you.
Casting: Scorch (safe; 9% risk of failure)
Confirm with . or Enter, or press ? or * to list all spells.
You conjure some foxfire!
The quokka bites you.
* * * LOW HITPOINT WARNING * * *
The foxfire hits the quokka but does no damage.
The foxfire hits the quokka.
The quokka is severely wounded.
The quokka bites you.
You die...

#.##≈≈≈≈≈..#.....#8#.≈≈...'...
#.≈≈≈≈≈##''#.....#[#......####
#.≈≈≈≈≈#...####'##.##'#####
#.≈≈≈≈≈#................#
####.≈≈≈≈##########..#######
.....##≈≈≈≈≈≈# #..#
########.≈≈≈#######..# ###
...............#.#...# #..
#####..........r@..### #.#
#####.#####......#.# #.#
......# #.)....#.# #.#
#####.#####...##.#.######.#
#.........................#
#.##########...#.##÷.##..##
#.......r....#.#........##
###.#######....#...........#
..#.# #....#...........#


You could see a quokka.

Vanquished Creatures
  A dart slug (D:1)
  2 bats (D:1)
  An endoplasm (D:1)
  A goblin (D:1)
  3 hobgoblins (D:1)
  A quokka (D:1)
  2 frilled lizards (D:1)
  2 kobolds (D:1)
  4 rats (D:1)
17 creatures vanquished.

Vanquished Creatures (others)
  36 foxfires (D:1)
36 creatures vanquished.

Grand Total: 53 creatures vanquished

Notes
Turn   | Place    | Note
-------+----------+-------------------------------------------
     0 | D:1      | Spaninq the Demonspawn Fire Elementalist began the quest
                  | for the Orb.
     0 | D:1      | Reached XP level 1. HP: 13/13 MP: 3/3
   249 | D:1      | Gained mutation: You have a pair of small antennae on your
                  | head. [demonic ancestry]
   249 | D:1      | Reached XP level 2. HP: 19/19 MP: 0/5
   252 | D:1      | Learned a level 2 spell: Scorch
   353 | D:1      | Reached skill level 3 in Fire Magic
   558 | D:1      | Slain by a quokka

Illustrated notes

Levels and vault maps discovered:
D:1:      sevenhm_arrival_forest_fort_large_1, layout_basic, st_stairs_5

Skill      XL: |  1  2 |
---------------+-------+-----
Fire Magic     | 3 |  3.1
Dodging        | |  1.7
Stealth        | |  1.7
Spellcasting   | |  2.3
Conjurations   | |  1.6

Action                   || total
-------------------------++-------
Melee: Dagger            ||     4
 Cast: Foxfire           ||    21
       Scorch            ||     7
Armor: Robe              ||    23
Dodge: Dodged            ||    49

Table legend: (Time is in decaauts)
 A = Elapsed time spent in this place.
 B = Non-inter-level travel time spent in this place.
 C = Inter-level travel time spent in this place.
 D = Time resting spent in this place.
 E = Time spent auto-exploring this place.
 F = Levels seen in this place.
 G = Mean time per level.
                   A        B        C        D        E       F      G
               +--------+--------+--------+--------+--------+-----+--------+
         Total |    557 |    557 |      0 |     45 |    285 |   1 |  557.0 |
       Dungeon |    557 |    557 |      0 |     45 |    285 |   1 |  557.0 |
               +--------+--------+--------+--------+--------+-----+--------+

Top non-repeatable levels by time:
     D:1: 557 daAuts
